Connexion

Monsters vs Barracuda

Created - 11 mars 2024 at 08:38

Goals
1 2 3 T
Monsters 1 2 0 3
Barracuda 1 1 0 2
Shots
1 2 3 T
Monsters 18 13 12 43
Barracuda 7 9 9 25

GoalsPenalties
1st period
1. Barracuda , Matthew Phillips 33 (Adam Cracknell 35, Brendan Warren 33) at 1:27
2. Monsters , Adam Ginning 12 (Nicholas Abruzzese 54, Andrew Poturalski 45) at 17:44 (PP)
Nicolas Meloche (SAN) for Tripping (Minor) at 3:24
Julius Bergman (SAN) for Holding (Minor) at 15:52
2nd period
3. Monsters , Nathan Walker 7 (Max Willman 25, Chris Bigras 24) at 10:06
4. Barracuda , Brendan Warren 32 (Adam Cracknell 36) at 10:54
5. Monsters , Nathan Walker 8 (Max Willman 26, Justin Bailey 11) at 19:45
No Penalty
3rd period
No Goal
Graham Knott (SAN) for Hooking (Minor) at 4:12
Alex Formenton (CLE) for Roughing (Minor) at 19:03
Dysin Mayo (CLE) for Tripping (Minor) at 19:11
Goalie Stats
Kevin Mandolese (CLE), 23 saves from 25 shots - (0,920), W, 40-21-4, 60:00 minutes
Ken Appleby (SAN), 40 saves from 43 shots - (0,930), L, 41-27-6, 59:09 minutes
3 StarsOfficial
1 - Nathan Walker (CLE)
2 - Brendan Warren (SAN)
3 - Max Willman (CLE)
Referees : Kyle Rehman and Francois StLaurent
Linesman : Lonnie Cameron and Darren Gibbs
Game Note
No Game Note
Finance
Level 1 -- Attendance: 1861 (93,05%) -- Ticket Income $65,135
Level 2 -- Attendance: 1000 (100,00%) -- Ticket Income $15,000
Total Attendance: 2861 (95,37%)
Total Ticket Income: $80,135
Other Income: $16,027
Total Income: $96,162



Team Name Goals Shots Shots Attemp Shots Blocked PIM HIT PP PK FO%
Monsters 3438754211 / 3 (33%)046%
Barracuda 22545136230 / 2 (0%)154%

Monsters
Player Name POS G A P +/- PIM HIT SHT SB MP PP MP PP SHT PK MP PK SHT FO% FOT
Adam GinningD101-1002120:582:0420:1700% 0
Alex FormentonLW0000231024:353:1700:00067% 3
Andrew PoturalskiC/RW0110024020:013:1710:000100% 2
Anthony AngelloC/RW000-1015020:042:3310:0000% 0
Blade JenkinsC/LW000000104:350:0000:00017% 6
Carsen TwarynskiLW000-1005020:042:3300:0000% 1
Chris BigrasD0111034015:590:0000:3100% 0
Dysin MayoD0000222123:023:4610:0700% 0
Filip HallanderC/LW000000000:000:0000:0000% 0
Justin BaileyRW0111002014:240:0000:0000% 2
Mason GeertsenD000-1020020:582:0400:1700% 0
Max WillmanC/LW0221001014:240:0000:00056% 18
Mitch ReinkeD0001010115:370:0000:0000% 0
Nathan WalkerLW2021025015:200:0000:56057% 7
Nicholas AbruzzeseC/LW0110004020:093:1730:08032% 22
Nicolas PetanC/LW/RW000-1004020:042:3310:00055% 20
Ryan FitzgeraldC/LW000000004:350:0000:0000% 0
Sean DayD0000053223:253:4630:3900% 0
Barracuda
Player Name POS G A P +/- PIM HIT SHT SB MP PP MP PP SHT PK MP PK SHT FO% FOT
Adam Cracknell C/LW/RW0220020122:510:1703:25069% 35
Albin GreweLW000000000:000:0000:0000% 0
Alex DostieC/LW0000001021:440:3901:45035% 26
Alexis D'AoustC/RW0000043119:590:3910:0000% 1
Anatoly GolyshevLW/RW000000002:310:0000:0000% 0
Andrei AltybarmakyanRW0000011014:450:0000:0000% 0
Andy WelinskiD000-1011622:150:1712:5200% 0
Brendan WarrenC/LW1120023022:340:1703:08025% 4
Dmitry ZavgorodniyLW000000000:000:0000:0000% 0
Fredrik OlofssonC/LW0000003014:550:0000:1000% 0
Graham KnottC/LW0000233020:480:3910:500100% 1
Jordy BelleriveC0000004015:480:0001:03062% 13
Julius BergmanD0000220213:440:0000:4000% 0
Matthew PhillipsC/RW1010004018:140:1701:190100% 1
Nicolas MelocheD0001211323:500:3912:0900% 0
Robert BortuzzoD0001030024:060:3902:2400% 0
Scott HarringtonD000-1040022:190:1702:5600% 0
Stepan FalkovskyD0000001013:440:0000:3900% 0



Play-by-Play

1st period


0:01 of 1st period - Adam Cracknell wins face-off versus Nicholas Abruzzese in neutral zone.
0:08 of 1st period - Icing by Alex Formenton.
0:09 of 1st period - Andrew Poturalski wins face-off versus Alex Dostie in Monsters zone.
0:09 of 1st period - Andrew Poturalski is hit by Graham Knott.
0:23 of 1st period - Shot by Andrew Poturalski.
0:23 of 1st period - Stopped by Ken Appleby with a rebound.
0:25 of 1st period - Shot by Dysin Mayo.
0:25 of 1st period - Shot Misses the Net.
0:27 of 1st period - Shot by Andrew Poturalski.
0:27 of 1st period - Stopped by Ken Appleby with a rebound.
0:29 of 1st period - Shot by Andrew Poturalski.
0:29 of 1st period - Stopped by Ken Appleby with a rebound.
0:43 of 1st period - Shot by Nicholas Abruzzese.
0:43 of 1st period - Deflect By Andrew Poturalski.
0:43 of 1st period - Shot Blocked by Andy Welinski.
1:23 of 1st period - Shot by Brendan Warren.
1:23 of 1st period - Shot Misses the Net.
1:25 of 1st period - Shot by Brendan Warren.
1:25 of 1st period - Deflect By Adam Cracknell .
1:25 of 1st period - Shot Misses the Net.
1:27 of 1st period - Shot by Matthew Phillips.
1:27 of 1st period - Goal by Matthew Phillips - Monsters : 0 - Barracuda : 1.
1:28 of 1st period - Max Willman wins face-off versus Jordy Bellerive in neutral zone.
1:41 of 1st period - Shot by Fredrik Olofsson.
1:41 of 1st period - Deflect By Jordy Bellerive.
1:41 of 1st period - Stopped by Kevin Mandolese with a rebound.
1:45 of 1st period - Shot by Jordy Bellerive.
1:45 of 1st period - Shot Misses the Net.
1:47 of 1st period - Shot by Stepan Falkovsky.
1:47 of 1st period - Stopped by Kevin Mandolese without a rebound.
1:48 of 1st period - Adam Cracknell wins face-off versus Carsen Twarynski in Monsters zone.
2:10 of 1st period - Shot by Carsen Twarynski.
2:10 of 1st period - Deflect By Anthony Angello.
2:10 of 1st period - Stopped by Ken Appleby with a rebound.
2:18 of 1st period - Shot by Nicolas Petan.
2:18 of 1st period - Shot Misses the Net.
2:20 of 1st period - Shot by Mason Geertsen.
2:20 of 1st period - Shot Misses the Net.
3:12 of 1st period - Nathan Walker is hit by Robert Bortuzzo and loses puck.
3:24 of 1st period - Minor Penalty to Nicolas Meloche for Tripping.
3:25 of 1st period - Nicholas Abruzzese wins face-off versus Alex Dostie in Barracuda zone.
4:00 of 1st period - Shot by Sean Day.
4:00 of 1st period - Stopped by Ken Appleby with a rebound.
4:02 of 1st period - Shot by Nicholas Abruzzese.
4:02 of 1st period - Stopped by Ken Appleby without a rebound.
4:03 of 1st period - Nicolas Petan wins face-off versus Jordy Bellerive in Barracuda zone.
4:38 of 1st period - Shot by Mason Geertsen.
4:38 of 1st period - Shot Misses the Net.
4:58 of 1st period - Shot by Sean Day.
4:58 of 1st period - Stopped by Ken Appleby with a rebound.
5:08 of 1st period - Shot by Sean Day.
5:08 of 1st period - Shot Blocked by Andy Welinski.
5:18 of 1st period - Shot by Andrew Poturalski.
5:18 of 1st period - Stopped by Ken Appleby without a rebound.
5:19 of 1st period - Adam Cracknell wins face-off versus Nicolas Petan in Barracuda zone.
5:36 of 1st period - Shot by Max Willman.
5:36 of 1st period - Stopped by Ken Appleby without a rebound.
5:37 of 1st period - Alex Dostie wins face-off versus Blade Jenkins in Barracuda zone.
6:51 of 1st period - Shot by Nicolas Petan.
6:51 of 1st period - Shot Misses the Net.
6:53 of 1st period - Shot by Carsen Twarynski.
6:53 of 1st period - Shot Misses the Net.
6:58 of 1st period - Icing by Matthew Phillips.
6:59 of 1st period - Max Willman wins face-off versus Adam Cracknell in Barracuda zone.
8:49 of 1st period - Shot by Chris Bigras.
8:49 of 1st period - Shot Misses the Net.
9:03 of 1st period - Shot by Carsen Twarynski.
9:03 of 1st period - Deflect By Nicolas Petan.
9:03 of 1st period - Stopped by Ken Appleby without a rebound.
9:04 of 1st period - Max Willman wins face-off versus Alex Dostie in Barracuda zone.
9:05 of 1st period - Shot by Justin Bailey.
9:05 of 1st period - Deflect By Nathan Walker.
9:05 of 1st period - Stopped by Ken Appleby without a rebound.
9:06 of 1st period - Alex Dostie wins face-off versus Max Willman in Barracuda zone.
9:06 of 1st period - Alex Dostie is hit by Nathan Walker.
9:16 of 1st period - Adam Ginning is hit by Graham Knott and loses puck.
9:21 of 1st period - Shot by Alex Dostie.
9:21 of 1st period - Shot Misses the Net.
9:23 of 1st period - Shot by Stepan Falkovsky.
9:23 of 1st period - Shot Misses the Net.
9:25 of 1st period - Shot by Alexis D'Aoust.
9:25 of 1st period - The goal is going for a video replay.
9:25 of 1st period - The goal is refused.
9:26 of 1st period - Adam Cracknell wins face-off versus Nicholas Abruzzese in Monsters zone.
9:41 of 1st period - Shot by Alex Formenton.
9:41 of 1st period - Stopped by Ken Appleby without a rebound.
9:42 of 1st period - Nicolas Petan wins face-off versus Alex Dostie in Barracuda zone.
9:52 of 1st period - Shot by Anthony Angello.
9:52 of 1st period - Shot Misses the Net.
9:54 of 1st period - Shot by Nicolas Petan.
9:54 of 1st period - Shot Blocked by Julius Bergman.
9:56 of 1st period - Shot by Nicolas Petan.
9:56 of 1st period - Shot Blocked by Julius Bergman.
9:58 of 1st period - Shot by Carsen Twarynski.
9:58 of 1st period - Stopped by Ken Appleby without a rebound.
9:59 of 1st period - Adam Cracknell wins face-off versus Nicholas Abruzzese in Barracuda zone.
10:11 of 1st period - Dysin Mayo is hit by Scott Harrington and loses puck.
11:20 of 1st period - Shot by Alexis D'Aoust.
11:20 of 1st period - Deflect By Alex Dostie.
11:20 of 1st period - Stopped by Kevin Mandolese without a rebound.
11:21 of 1st period - Jordy Bellerive wins face-off versus Max Willman in Monsters zone.
11:26 of 1st period - Shot by Andrei Altybarmakyan.
11:26 of 1st period - Shot Misses the Net.
11:28 of 1st period - Shot by Jordy Bellerive.
11:28 of 1st period - Shot Misses the Net.
11:30 of 1st period - Shot by Jordy Bellerive.
11:30 of 1st period - Stopped by Kevin Mandolese with a rebound.
11:36 of 1st period - Shot by Andrei Altybarmakyan.
11:36 of 1st period - Stopped by Kevin Mandolese without a rebound.
11:37 of 1st period - Nicolas Petan wins face-off versus Alex Dostie in Monsters zone.
11:52 of 1st period - Adam Ginning is hit by Alexis D'Aoust and loses puck.
12:32 of 1st period - Scott Harrington is hit by Chris Bigras and loses puck.
12:53 of 1st period - Shot by Nathan Walker.
12:53 of 1st period - Shot Misses the Net.
13:07 of 1st period - Shot by Justin Bailey.
13:07 of 1st period - Shot Blocked by Andy Welinski.
14:41 of 1st period - Alexis D'Aoust is hit by Anthony Angello and loses puck.
15:39 of 1st period - Shot by Ryan Fitzgerald.
15:39 of 1st period - Deflect By Blade Jenkins.
15:39 of 1st period - Shot Misses the Net.
15:41 of 1st period - Shot by Ryan Fitzgerald.
15:41 of 1st period - Shot Misses the Net.
15:43 of 1st period - Shot by Dysin Mayo.
15:43 of 1st period - Stopped by Ken Appleby without a rebound.
15:44 of 1st period - Max Willman wins face-off versus Adam Cracknell in Barracuda zone.
15:52 of 1st period - Minor Penalty to Julius Bergman for Holding.
15:53 of 1st period - Nicholas Abruzzese wins face-off versus Adam Cracknell in Barracuda zone.
15:56 of 1st period - Shot by Andrew Poturalski.
15:56 of 1st period - Shot Misses the Net.
16:54 of 1st period - Shot by Carsen Twarynski.
16:54 of 1st period - Deflect By Nicolas Petan.
16:54 of 1st period - Stopped by Ken Appleby without a rebound.
16:55 of 1st period - Matthew Phillips wins face-off versus Nicolas Petan in Barracuda zone.
17:22 of 1st period - Icing by Dysin Mayo.
17:23 of 1st period - Adam Cracknell wins face-off versus Nicolas Petan in Monsters zone.
17:42 of 1st period - Shot by Adam Ginning.
17:42 of 1st period - Deflect By Nicholas Abruzzese.
17:42 of 1st period - Shot Misses the Net.
17:44 of 1st period - Shot by Adam Ginning.
17:44 of 1st period - Goal by Adam Ginning - Monsters : 1 - Barracuda : 1.
17:45 of 1st period - Max Willman wins face-off versus Jordy Bellerive in neutral zone.
17:49 of 1st period - Icing by Julius Bergman.
17:50 of 1st period - Jordy Bellerive wins face-off versus Nicholas Abruzzese in Barracuda zone.
18:27 of 1st period - Nicholas Abruzzese is hit by Andrei Altybarmakyan and loses puck.
19:16 of 1st period - Shot by Chris Bigras.
19:16 of 1st period - Stopped by Ken Appleby without a rebound.
19:17 of 1st period - Adam Cracknell wins face-off versus Max Willman in Barracuda zone.
19:21 of 1st period - Off-side.
19:22 of 1st period - Nicolas Petan wins face-off versus Brendan Warren in neutral zone.
19:29 of 1st period - Shot by Anthony Angello.
19:29 of 1st period - Deflect By Nicolas Petan.
19:29 of 1st period - Shot Misses the Net.
19:31 of 1st period - Shot by Nicolas Petan.
19:31 of 1st period - Deflect By Anthony Angello.
19:31 of 1st period - Shot Misses the Net.
19:33 of 1st period - Shot by Nicolas Petan.
19:33 of 1st period - Stopped by Ken Appleby without a rebound.
19:34 of 1st period - Max Willman wins face-off versus Alex Dostie in Barracuda zone.
Goals for this period are 1 for Monsters vs 1 for Barracuda.
Shots for this period are 18 for Monsters vs 7 for Barracuda.

2nd period


0:01 of 2nd period - Adam Cracknell wins face-off versus Nicholas Abruzzese in neutral zone.
0:29 of 2nd period - Shot by Brendan Warren.
0:29 of 2nd period - Stopped by Kevin Mandolese with a rebound.
0:35 of 2nd period - Robert Bortuzzo is hit by Andrew Poturalski and loses puck.
0:40 of 2nd period - Shot by Andrew Poturalski.
0:40 of 2nd period - Shot Misses the Net.
0:54 of 2nd period - Shot by Nicolas Petan.
0:54 of 2nd period - Shot Misses the Net.
0:58 of 2nd period - Shot by Anthony Angello.
0:58 of 2nd period - Stopped by Ken Appleby without a rebound.
0:59 of 2nd period - Max Willman wins face-off versus Alex Dostie in Barracuda zone.
0:59 of 2nd period - Max Willman is hit by Andy Welinski.
1:32 of 2nd period - Icing by Andy Welinski.
1:33 of 2nd period - Nicolas Petan wins face-off versus Alex Dostie in Barracuda zone.
2:50 of 2nd period - Shot by Jordy Bellerive.
2:50 of 2nd period - Shot Blocked by Dysin Mayo.
2:52 of 2nd period - Shot by Jordy Bellerive.
2:52 of 2nd period - Shot Blocked by Sean Day.
3:02 of 2nd period - Shot by Jordy Bellerive.
3:02 of 2nd period - Stopped by Kevin Mandolese without a rebound.
3:03 of 2nd period - Nathan Walker wins face-off versus Adam Cracknell in Monsters zone.
3:53 of 2nd period - Nathan Walker is hit by Brendan Warren and loses puck.
4:07 of 2nd period - Icing by Julius Bergman.
4:08 of 2nd period - Nicholas Abruzzese wins face-off versus Adam Cracknell in Barracuda zone.
4:37 of 2nd period - Shot by Jordy Bellerive.
4:37 of 2nd period - Shot Misses the Net.
4:39 of 2nd period - Shot by Jordy Bellerive.
4:39 of 2nd period - Shot Misses the Net.
6:51 of 2nd period - Icing by Jordy Bellerive.
6:52 of 2nd period - Nicholas Abruzzese wins face-off versus Jordy Bellerive in Barracuda zone.
8:09 of 2nd period - Icing by Mitch Reinke.
8:10 of 2nd period - Max Willman wins face-off versus Alex Dostie in Monsters zone.
8:10 of 2nd period - Mitch Reinke is hit by Graham Knott and loses puck.
8:15 of 2nd period - Shot by Graham Knott.
8:15 of 2nd period - Stopped by Kevin Mandolese without a rebound.
8:16 of 2nd period - Nicolas Petan wins face-off versus Adam Cracknell in Monsters zone.
8:16 of 2nd period - Nicolas Petan is hit by Adam Cracknell .
8:24 of 2nd period - Shot by Nicolas Petan.
8:24 of 2nd period - Shot Misses the Net.
8:26 of 2nd period - Shot by Mason Geertsen.
8:26 of 2nd period - Shot Misses the Net.
8:28 of 2nd period - Shot by Carsen Twarynski.
8:28 of 2nd period - Stopped by Ken Appleby without a rebound.
8:29 of 2nd period - Nicholas Abruzzese wins face-off versus Alex Dostie in Barracuda zone.
8:58 of 2nd period - Shot by Nicholas Abruzzese.
8:58 of 2nd period - Stopped by Ken Appleby with a rebound.
9:01 of 2nd period - Alex Formenton is hit by Julius Bergman and loses puck.
9:15 of 2nd period - Icing by Julius Bergman.
9:16 of 2nd period - Nicolas Petan wins face-off versus Alex Dostie in Barracuda zone.
9:16 of 2nd period - Nicolas Petan is hit by Julius Bergman.
9:40 of 2nd period - Shot by Mason Geertsen.
9:40 of 2nd period - Shot Blocked by Alexis D'Aoust.
9:42 of 2nd period - Shot by Carsen Twarynski.
9:42 of 2nd period - Stopped by Ken Appleby with a rebound.
9:44 of 2nd period - Shot by Anthony Angello.
9:44 of 2nd period - Stopped by Ken Appleby without a rebound.
9:45 of 2nd period - Adam Cracknell wins face-off versus Max Willman in Barracuda zone.
10:02 of 2nd period - Shot by Chris Bigras.
10:02 of 2nd period - Stopped by Ken Appleby with a rebound.
10:04 of 2nd period - Shot by Max Willman.
10:04 of 2nd period - Shot Misses the Net.
10:06 of 2nd period - Shot by Nathan Walker.
10:06 of 2nd period - Goal by Nathan Walker - Monsters : 2 - Barracuda : 1.
10:07 of 2nd period - Jordy Bellerive wins face-off versus Alex Formenton in neutral zone.
10:09 of 2nd period - Scott Harrington is hit by Sean Day.
10:13 of 2nd period - Shot by Andy Welinski.
10:13 of 2nd period - Shot Misses the Net.
10:40 of 2nd period - Off-side.
10:41 of 2nd period - Adam Cracknell wins face-off versus Nicolas Petan in neutral zone.
10:52 of 2nd period - Shot by Matthew Phillips.
10:52 of 2nd period - Stopped by Kevin Mandolese without a rebound.
10:53 of 2nd period - Adam Cracknell wins face-off versus Justin Bailey in Monsters zone.
10:54 of 2nd period - Shot by Brendan Warren.
10:54 of 2nd period - Goal by Brendan Warren - Monsters : 2 - Barracuda : 2.
10:55 of 2nd period - Alex Formenton wins face-off versus Adam Cracknell in neutral zone.
11:11 of 2nd period - Icing by Ryan Fitzgerald.
11:12 of 2nd period - Alex Dostie wins face-off versus Blade Jenkins in Monsters zone.
11:17 of 2nd period - Shot by Andy Welinski.
11:17 of 2nd period - Shot Misses the Net.
12:30 of 2nd period - Icing by Robert Bortuzzo.
12:31 of 2nd period - Adam Cracknell wins face-off versus Max Willman in Barracuda zone.
12:41 of 2nd period - Icing by Robert Bortuzzo.
12:42 of 2nd period - Adam Cracknell wins face-off versus Nicholas Abruzzese in Barracuda zone.
12:59 of 2nd period - Shot by Matthew Phillips.
12:59 of 2nd period - Stopped by Kevin Mandolese without a rebound.
13:00 of 2nd period - Alex Dostie wins face-off versus Max Willman in Monsters zone.
13:03 of 2nd period - Shot by Alexis D'Aoust.
13:03 of 2nd period - Stopped by Kevin Mandolese without a rebound.
13:04 of 2nd period - Graham Knott wins face-off versus Nicholas Abruzzese in Monsters zone.
13:13 of 2nd period - Shot by Alex Dostie.
13:13 of 2nd period - Shot Misses the Net.
13:37 of 2nd period - Nicholas Abruzzese is hit by Scott Harrington and loses puck.
13:50 of 2nd period - Graham Knott is hit by Alex Formenton and loses puck.
14:51 of 2nd period - Shot by Justin Bailey.
14:51 of 2nd period - Deflect By Nathan Walker.
14:51 of 2nd period - Shot Misses the Net.
14:57 of 2nd period - Shot by Chris Bigras.
14:57 of 2nd period - Stopped by Ken Appleby without a rebound.
14:58 of 2nd period - Jordy Bellerive wins face-off versus Blade Jenkins in Barracuda zone.
15:24 of 2nd period - Shot by Fredrik Olofsson.
15:24 of 2nd period - Stopped by Kevin Mandolese without a rebound.
15:25 of 2nd period - Alex Dostie wins face-off versus Justin Bailey in Monsters zone.
15:25 of 2nd period - Alex Dostie is hit by Sean Day.
15:38 of 2nd period - Off-side.
15:39 of 2nd period - Jordy Bellerive wins face-off versus Nicolas Petan in neutral zone.
15:46 of 2nd period - Shot by Fredrik Olofsson.
15:46 of 2nd period - Stopped by Kevin Mandolese without a rebound.
15:47 of 2nd period - Adam Cracknell wins face-off versus Nicolas Petan in Monsters zone.
15:47 of 2nd period - Adam Cracknell is hit by Sean Day.
16:06 of 2nd period - Adam Cracknell is hit by Sean Day and loses puck.
16:48 of 2nd period - Alexis D'Aoust is hit by Alex Formenton and loses puck.
17:35 of 2nd period - Shot by Nathan Walker.
17:35 of 2nd period - Stopped by Ken Appleby with a rebound.
18:04 of 2nd period - Justin Bailey is hit by Robert Bortuzzo and loses puck.
18:18 of 2nd period - Robert Bortuzzo is hit by Dysin Mayo and loses puck.
18:34 of 2nd period - Blade Jenkins is hit by Robert Bortuzzo and loses puck.
18:41 of 2nd period - Shot by Blade Jenkins.
18:41 of 2nd period - Stopped by Ken Appleby with a rebound.
18:43 of 2nd period - Shot by Sean Day.
18:43 of 2nd period - Shot Blocked by Nicolas Meloche.
19:11 of 2nd period - Shot by Nicolas Petan.
19:11 of 2nd period - Shot Misses the Net.
19:27 of 2nd period - Icing by Scott Harrington.
19:28 of 2nd period - Max Willman wins face-off versus Adam Cracknell in Barracuda zone.
19:33 of 2nd period - Shot by Chris Bigras.
19:33 of 2nd period - Shot Blocked by Andy Welinski.
19:35 of 2nd period - Shot by Justin Bailey.
19:35 of 2nd period - Stopped by Ken Appleby with a rebound.
19:37 of 2nd period - Shot by Nathan Walker.
19:37 of 2nd period - Shot Blocked by Andy Welinski.
19:41 of 2nd period - Shot by Max Willman.
19:41 of 2nd period - Shot Blocked by Andy Welinski.
19:43 of 2nd period - Shot by Nathan Walker.
19:43 of 2nd period - Stopped by Ken Appleby with a rebound.
19:45 of 2nd period - Shot by Nathan Walker.
19:45 of 2nd period - Goal by Nathan Walker - Monsters : 3 - Barracuda : 2.
19:46 of 2nd period - Jordy Bellerive wins face-off versus Nicholas Abruzzese in neutral zone.
Goals for this period are 2 for Monsters vs 1 for Barracuda.
Shots for this period are 13 for Monsters vs 9 for Barracuda.

3rd period


0:01 of 3rd period - Adam Cracknell wins face-off versus Nicholas Abruzzese in neutral zone.
0:25 of 3rd period - Icing by Adam Cracknell .
0:26 of 3rd period - Brendan Warren wins face-off versus Nicolas Petan in Barracuda zone.
0:33 of 3rd period - Shot by Brendan Warren.
0:33 of 3rd period - Shot Misses the Net.
0:38 of 3rd period - Icing by Adam Ginning.
0:39 of 3rd period - Nicolas Petan wins face-off versus Alex Dostie in Monsters zone.
1:09 of 3rd period - Shot by Alex Dostie.
1:09 of 3rd period - Shot Blocked by Adam Ginning.
1:11 of 3rd period - Shot by Graham Knott.
1:11 of 3rd period - Stopped by Kevin Mandolese without a rebound.
1:12 of 3rd period - Andrew Poturalski wins face-off versus Brendan Warren in Monsters zone.
2:13 of 3rd period - Shot by Fredrik Olofsson.
2:13 of 3rd period - Stopped by Kevin Mandolese without a rebound.
2:14 of 3rd period - Nicolas Petan wins face-off versus Alexis D'Aoust in Monsters zone.
2:14 of 3rd period - Nicolas Petan is hit by Alexis D'Aoust.
2:19 of 3rd period - Mason Geertsen is hit by Scott Harrington and loses puck.
2:37 of 3rd period - Carsen Twarynski is hit by Scott Harrington and loses puck.
2:42 of 3rd period - Shot by Nicolas Petan.
2:42 of 3rd period - Stopped by Ken Appleby with a rebound.
2:44 of 3rd period - Shot by Anthony Angello.
2:44 of 3rd period - Shot Hit the Post.
3:05 of 3rd period - Shot by Nathan Walker.
3:05 of 3rd period - Deflect By Max Willman.
3:05 of 3rd period - Shot Misses the Net.
3:07 of 3rd period - Shot by Justin Bailey.
3:07 of 3rd period - Stopped by Ken Appleby with a rebound.
3:58 of 3rd period - Icing by Alexis D'Aoust.
3:59 of 3rd period - Alex Dostie wins face-off versus Nicholas Abruzzese in Barracuda zone.
4:12 of 3rd period - Minor Penalty to Graham Knott for Hooking.
4:13 of 3rd period - Adam Cracknell wins face-off versus Nicolas Petan in Barracuda zone.
4:19 of 3rd period - Icing by Dysin Mayo.
4:20 of 3rd period - Adam Cracknell wins face-off versus Nicolas Petan in Monsters zone.
4:41 of 3rd period - Shot by Anthony Angello.
4:41 of 3rd period - Stopped by Ken Appleby without a rebound.
4:42 of 3rd period - Nicholas Abruzzese wins face-off versus Adam Cracknell in Barracuda zone.
4:45 of 3rd period - Shot by Adam Ginning.
4:45 of 3rd period - Shot Misses the Net.
4:47 of 3rd period - Shot by Adam Ginning.
4:47 of 3rd period - Shot Blocked by Nicolas Meloche.
4:49 of 3rd period - Shot by Adam Ginning.
4:49 of 3rd period - Stopped by Ken Appleby with a rebound.
4:51 of 3rd period - Shot by Nicholas Abruzzese.
4:51 of 3rd period - Stopped by Ken Appleby without a rebound.
4:52 of 3rd period - Adam Cracknell wins face-off versus Nicholas Abruzzese in Barracuda zone.
5:10 of 3rd period - Shot by Nicholas Abruzzese.
5:10 of 3rd period - Stopped by Ken Appleby without a rebound.
5:11 of 3rd period - Nicolas Petan wins face-off versus Adam Cracknell in Barracuda zone.
5:19 of 3rd period - Shot by Sean Day.
5:19 of 3rd period - Stopped by Ken Appleby without a rebound.
5:20 of 3rd period - Adam Cracknell wins face-off versus Nicholas Abruzzese in Barracuda zone.
5:33 of 3rd period - Shot by Dysin Mayo.
5:33 of 3rd period - Stopped by Ken Appleby with a rebound.
5:35 of 3rd period - Shot by Dysin Mayo.
5:35 of 3rd period - Shot Misses the Net.
5:41 of 3rd period - Shot by Alex Formenton.
5:41 of 3rd period - Shot Misses the Net.
6:18 of 3rd period - Shot by Nicolas Petan.
6:18 of 3rd period - Shot Misses the Net.
6:30 of 3rd period - Shot by Carsen Twarynski.
6:30 of 3rd period - Deflect By Nicolas Petan.
6:30 of 3rd period - Shot Misses the Net.
6:46 of 3rd period - Shot by Nicolas Petan.
6:46 of 3rd period - Shot Misses the Net.
6:48 of 3rd period - Shot by Carsen Twarynski.
6:48 of 3rd period - Stopped by Ken Appleby with a rebound.
7:32 of 3rd period - Icing by Chris Bigras.
7:33 of 3rd period - Adam Cracknell wins face-off versus Max Willman in Monsters zone.
7:43 of 3rd period - Shot by Matthew Phillips.
7:43 of 3rd period - Stopped by Kevin Mandolese without a rebound.
7:44 of 3rd period - Alex Dostie wins face-off versus Nicholas Abruzzese in Monsters zone.
7:44 of 3rd period - Alex Dostie is hit by Dysin Mayo.
8:26 of 3rd period - Alex Dostie is hit by Sean Day and loses puck.
8:41 of 3rd period - Dysin Mayo is hit by Alexis D'Aoust and loses puck.
8:51 of 3rd period - Alex Formenton is hit by Alexis D'Aoust and loses puck.
8:56 of 3rd period - Robert Bortuzzo is hit by Andrew Poturalski and loses puck.
9:23 of 3rd period - Shot by Anthony Angello.
9:23 of 3rd period - Shot Misses the Net.
9:31 of 3rd period - Shot by Anthony Angello.
9:31 of 3rd period - Stopped by Ken Appleby without a rebound.
9:32 of 3rd period - Adam Cracknell wins face-off versus Max Willman in Barracuda zone.
9:32 of 3rd period - Adam Cracknell is hit by Nathan Walker.
9:40 of 3rd period - Justin Bailey is hit by Brendan Warren and loses puck.
9:54 of 3rd period - Matthew Phillips is hit by Mitch Reinke and loses puck.
10:02 of 3rd period - Adam Cracknell is hit by Chris Bigras and loses puck.
10:12 of 3rd period - Brendan Warren is hit by Chris Bigras and loses puck.
10:15 of 3rd period - Shot by Scott Harrington.
10:15 of 3rd period - Shot Blocked by Mitch Reinke.
10:39 of 3rd period - Shot by Fredrik Olofsson.
10:39 of 3rd period - Shot Misses the Net.
10:56 of 3rd period - Shot by Nicolas Petan.
10:56 of 3rd period - Deflect By Carsen Twarynski.
10:56 of 3rd period - Stopped by Ken Appleby without a rebound.
10:57 of 3rd period - Adam Cracknell wins face-off versus Blade Jenkins in Barracuda zone.
11:06 of 3rd period - Off-side.
11:07 of 3rd period - Jordy Bellerive wins face-off versus Nicholas Abruzzese in neutral zone.
12:07 of 3rd period - Anthony Angello is hit by Adam Cracknell and loses puck.
12:14 of 3rd period - Shot by Brendan Warren.
12:14 of 3rd period - Stopped by Kevin Mandolese without a rebound.
12:15 of 3rd period - Max Willman wins face-off versus Alex Dostie in Monsters zone.
12:15 of 3rd period - Mitch Reinke is hit by Nicolas Meloche and loses puck.
13:39 of 3rd period - Shot by Nicolas Petan.
13:39 of 3rd period - Shot Blocked by Adam Cracknell .
14:55 of 3rd period - Andrei Altybarmakyan is hit by Alex Formenton and loses puck.
15:13 of 3rd period - Icing by Alex Formenton.
15:14 of 3rd period - Nicholas Abruzzese wins face-off versus Adam Cracknell in Monsters zone.
15:20 of 3rd period - Matthew Phillips is hit by Mason Geertsen and loses puck.
16:42 of 3rd period - Off-side.
16:43 of 3rd period - Blade Jenkins wins face-off versus Alex Dostie in neutral zone.
16:51 of 3rd period - Off-side.
16:52 of 3rd period - Jordy Bellerive wins face-off versus Blade Jenkins in neutral zone.
16:54 of 3rd period - Nicolas Meloche is hit by Mason Geertsen and loses puck.
17:12 of 3rd period - Shot by Jordy Bellerive.
17:12 of 3rd period - Stopped by Kevin Mandolese with a rebound.
18:24 of 3rd period - Shot by Chris Bigras.
18:24 of 3rd period - Stopped by Ken Appleby without a rebound.
18:25 of 3rd period - Alex Formenton wins face-off versus Jordy Bellerive in Barracuda zone.
18:30 of 3rd period - Shot by Nicholas Abruzzese.
18:30 of 3rd period - Shot Blocked by Nicolas Meloche.
18:37 of 3rd period - Off-side.
18:38 of 3rd period - Nicolas Petan wins face-off versus Brendan Warren in neutral zone.
19:02 of 3rd period - Icing by Andy Welinski.
19:03 of 3rd period - Adam Cracknell wins face-off versus Nicholas Abruzzese in Barracuda zone.
19:03 of 3rd period - Minor Penalty to Alex Formenton for Roughing.
19:04 of 3rd period - Alex Dostie wins face-off versus Nathan Walker in Monsters zone.
19:05 of 3rd period - Barracuda, Ken Appleby is pulled from the net.
19:07 of 3rd period - Shot by Nicolas Meloche.
19:07 of 3rd period - Stopped by Kevin Mandolese without a rebound.
19:08 of 3rd period - Alex Dostie wins face-off versus Nathan Walker in Monsters zone.
19:11 of 3rd period - Shot by Alexis D'Aoust.
19:11 of 3rd period - Stopped by Kevin Mandolese without a rebound.
19:11 of 3rd period - Minor Penalty to Dysin Mayo for Tripping.
19:12 of 3rd period - Nathan Walker wins face-off versus Alex Dostie in Monsters zone.
19:25 of 3rd period - Shot by Nicolas Meloche.
19:25 of 3rd period - Shot Blocked by Sean Day.
19:27 of 3rd period - Shot by Robert Bortuzzo.
19:27 of 3rd period - Shot Misses the Net.
19:29 of 3rd period - Shot by Graham Knott.
19:29 of 3rd period - Stopped by Kevin Mandolese without a rebound.
19:30 of 3rd period - Adam Cracknell wins face-off versus Nathan Walker in Monsters zone.
19:46 of 3rd period - Shot by Andy Welinski.
19:46 of 3rd period - Stopped by Kevin Mandolese without a rebound.
19:47 of 3rd period - Nathan Walker wins face-off versus Alex Dostie in Monsters zone.
19:55 of 3rd period - Icing by Nicolas Meloche.
19:56 of 3rd period - Ken Appleby from Barracuda was sent back in the game.
19:56 of 3rd period - Nathan Walker wins face-off versus Alex Dostie in Barracuda zone.
Goals for this period are 0 for Monsters vs 0 for Barracuda.
Shots for this period are 12 for Monsters vs 9 for Barracuda.